 Dungeon Crawl Stone Soup version 0.30-a0-137-gd8773701ce (webtiles) character file.

Game seed: 6145009329988872720

44 billz999 the Chopper (level 3, -6/28 HPs)
             Began as a Demonspawn Gladiator on Sept 21, 2022.
             Killed from afar by Sigmund (10 damage)
             ... with a bolt of dispelling energy
             ... on level 2 of the Dungeon.
             The game lasted 00:02:49 (1148 turns).

billz999 the Chopper (Demonspawn Gladiator)         Turns: 1148, Time: 00:02:50

Health: -6/28      AC:  8    Str: 16    XL:     3   Next: 41%
Magic:  3/3        EV: 11    Int:  9    God:
Gold:   87         SH:  0    Dex: 14    Spells: 2/2 levels left

rFire   . . .      SeeInvis .    a - +0 war axe
rCold   + . .      Faith    .    i - +0 buckler
rNeg    . . .      Spirit   .    h - +2 ring mail {rC+}
rPois   .          Reflect  .    c - +0 helmet
rElec   .          Harm     .    (no cloak)
rCorr   .          Rampage  .    (no gloves)
Will    .....                    (no boots)
Stlth   ..........               (no amulet)
HPRegen 0.09/turn                (no ring)
MPRegen 0.08/turn                (no ring)

@: confused
A: weakness stinger 1
a: no special abilities


You were on level 2 of the Dungeon.
You visited 1 branch of the dungeon, and saw 2 of its levels.

You collected 87 gold pieces.

Inventory:

Hand Weapons
 a - a +0 war axe (weapon)
Missiles
 d - 3 throwing nets (quivered)
 e - a javelin
Armour
 b - a +0 leather armour
 c - a +0 helmet (worn)
 h - a +2 ring mail of cold resistance (worn)
 i - a +0 buckler (worn)
Scrolls
 f - a scroll of teleportation
 j - a scroll of immolation {unknown}


   Skills:
 + Level 2.6 Fighting
 + Level 3.2 Axes
 + Level 2.0 Throwing
 - Level 0.2 Armour
 - Level 2.6 Dodging
 * Level 1.1 Shields


You had 2 spell levels left.
You didn't know any spells.
Your spell library contained the following spells:

 Spells                   Type           Power      Damage    Failure   Level
 Apportation              Tloc           0%         N/A       71%         1
 Foxfire                  Conj/Fire      0%         2x1d4     71%         1
 Necrotise                Necr           0%         1d4       71%         1
 Summon Small Mammal      Summ           0%         N/A       71%         1
 Sublimation of Blood     Necr           0%         N/A       85%         2
 Wereblood                Tmut           0%         N/A       85%         2
 Confusing Touch          Hex            0%         N/A       97%         3
 Inner Flame              Hex/Fire       0%         N/A       97%         3
 Kindle Blastsparks       Fire/Tloc/Air  0%         2d10      97%         3
 Stone Arrow              Conj/Erth      0%         3d7       97%         3
 Animate Armour           Summ/Erth      0%         N/A       100%        4
 Flame Wave               Conj/Fire      0%         2d4       100%        4
 Yara's Violent Unravell  Hex/Tmut       0%         3d3       100%        5
 Enfeeble                 Hex            0%         N/A       100%        7
 Summon Hydra             Summ           0%         N/A       100%        7
 Lehudib's Crystal Spear  Conj/Erth      0%         10d2      100%        8


Dungeon Overview and Level Annotations

Branches:
Dungeon (2/15)

Altars:
Cheibriados

Annotations:
D:2 Sigmund


Innate Abilities, Weirdness & Mutations

You have a small tail.


Message History

You hear a zap.
A bolt of dispelling energy appears from out of thin air!
The bolt of dispelling energy hits you!
Your magical effects are unravelling.
You feel less attractive to monsters.
Unknown command.
Okay, then.
As you read the scroll labelled VASERGH TAKESHRAF, it crumbles to dust.
You feel strangely unstable.
It was a scroll of teleportation.
You hear a zap.
A bolt of dispelling energy appears from out of thin air!
The bolt of dispelling energy misses you.
A magic dart appears from out of thin air!
The magic dart hits you.
* * * LOW HITPOINT WARNING * * *
You hear some strange, mumbled words.
You are confused.
Your surroundings seem slightly different.
You are too confused!
You are too confused!
You aren't carrying any potions.
Unknown command.
You're too confused to move!
You're too confused to move!
You feel less confused.
You hear some strange, mumbled words.
You are confused.
You aren't carrying any potions.
You are too confused!
Unknown command.
Something hits you.
* * * LOW HITPOINT WARNING * * *
You are too confused!
You're too confused to move!
Something hits you but does no damage.
You bump into the rock wall.
You hear a zap.
A bolt of dispelling energy appears from out of thin air!
The bolt of dispelling energy hits you!
Your magical effects are unravelling.
You die...

#.......(...###..#
##.##)#......#....
###.......#..#.#.##
...................
.##..)_...!....#.#
#.......#..###.####.##
##.......#......)......
#..#..##.#{####{####.#
.#..#†..#.#.. #@#
.#........##.# #.#
........### .# #.#
##...#.## .# #.#
#..##.# .# #.# #.## .#
#.....# #.# .# #..####
.#.# .# #..# .#.###.###
..# #.#


There were no monsters in sight!

Vanquished Creatures
  Terence (D:2)
  A dart slug (D:2)
  2 endoplasms (D:2)
  A giant cockroach (D:1)
  3 goblins
  A hobgoblin (D:1)
  A kobold (D:1)
  A quokka (D:1)
  2 ball pythons (D:1)
  2 bats
  5 rats (D:1)
20 creatures vanquished.

Notes
Turn   | Place    | Note
-------+----------+-------------------------------------------
     0 | D:1      | billz999 the Demonspawn Gladiator began the quest for the
                  | Orb.
     0 | D:1      | Reached XP level 1. HP: 16/16 MP: 1/1
   481 | D:1      | Gained mutation: You have a small tail. [demonic ancestry]
   481 | D:1      | Reached XP level 2. HP: 22/23 MP: 2/2
   550 | D:1      | Reached skill level 3 in Axes
  1102 | D:2      | Found a snail-covered altar of Cheibriados.
  1112 | D:2      | Noticed Terence
  1125 | D:2      | Killed Terence
  1126 | D:2      | Reached skill level 1 in Shields
  1126 | D:2      | Reached XP level 3. HP: 28/28 MP: 3/3
  1131 | D:2      | Noticed Sigmund
  1148 | D:2      | Killed from afar by Sigmund

Illustrated notes

Levels and vault maps discovered:
D:1:      psy_arrival_basics, layout_basic, minmay_misc_feat_tiny
D:2:      layout_loops_ring, basic_altar,
          nicolae_concentric_dashed_squares_mild, uniq_sigmund, uniq_terence

Skill      XL: |  1  2 |
---------------+-------+-----
Axes           | 3 |  3.2
Throwing       | 2 |  2.0
Shields        | 1 |  1.1
Fighting       | |  2.6
Armour         | |  0.2
Dodging        | |  2.6

Action                   || total
-------------------------++-------
Melee: War axe           ||    57
       Tailslap          ||     5
  Use: Scroll            ||     1
       Potion            ||     1
Armor: Leather armour    ||    15
       Ring mail         ||     7
Dodge: Dodged            ||    31
Block: Buckler           ||     5

Table legend: (Time is in decaauts)
 A = Elapsed time spent in this place.
 B = Non-inter-level travel time spent in this place.
 C = Inter-level travel time spent in this place.
 D = Time resting spent in this place.
 E = Time spent auto-exploring this place.
 F = Levels seen in this place.
 G = Mean time per level.
                   A        B        C        D        E       F      G
               +--------+--------+--------+--------+--------+-----+--------+
         Total |   1168 |   1084 |     84 |      3 |    875 |   2 |  584.0 |
       Dungeon |   1168 |   1084 |     84 |      3 |    875 |   2 |  584.0 |
               +--------+--------+--------+--------+--------+-----+--------+

Top non-repeatable levels by time:
     D:1: 1011 daAuts
     D:2: 157 daAuts
